 Dungeon Crawl Stone Soup version 0.21.1-1-g345015f (webtiles) character file.

477 Iko the Skirmisher (level 7, -5/60 HPs)
             Began as a Ghoul Wanderer on May 3, 2018.
             Was an Initiate of Cheibriados.
             Slain by an ogre
             ... wielding a +0 giant spiked club
              (10 damage)
             ... on level 6 of the Dungeon.
             The game lasted 00:10:57 (879 turns).

Iko the Skirmisher (Ghoul Wanderer)                  Turns: 879, Time: 00:10:57

Health: -5/60      AC:  6    Str: 14    XL:     7   Next: 11%
Magic:  0/10       EV: 10    Int: 11    God:    Cheibriados [......]
Gold:   109        SH:  3    Dex: 11    Spells: 12/12 levels left

rFire    . . .     SeeInvis .   a - +2 mace
rCold    + . .     Gourm    .   h - +0 buckler
rNeg     + + +     Faith    .   b - +1 ring mail
rPois    ∞         Spirit   +   (no helmet)
rElec    .         Reflect  .   f - scarf {Spirit}
rCorr    .         Harm     .   (no gloves)
MR       .....                  (no boots)
Stlth    +.........             (no amulet)
HPRegen  0.00/turn              j - ring of positive energy
MPRegen  0.12/turn              (no ring)

@: rotting, very slow
A: rotting body, claws 1, carnivore, cold resistance 1, negative energy
resistance 3, inhibited regeneration, torment resistance, unbreathing
a: Bend Time, Renounce Religion


You were on level 6 of the Dungeon.
You worshipped Cheibriados.
Cheibriados was noncommittal.
You were not hungry.

You visited 1 branch of the dungeon, and saw 6 of its levels.

You collected 109 gold pieces.

Inventory:

Hand Weapons
 a - a +2 mace (weapon)
Armour
 b - a +1 ring mail (worn)
 f - a scarf of spirit shield (worn)
 h - a +0 buckler (worn)
Jewellery
 j - a ring of positive energy (left claw)
Wands
 i - a wand of flame (15)
Scrolls
 c - a scroll of teleportation
 e - a scroll of amnesia
Comestibles
 d - 5 rations


   Skills:
 + Level 4.8 Fighting
 + Level 3.2 Maces & Flails
 + Level 1.3 Throwing
 + Level 2.9 Armour
 + Level 2.2 Dodging
 + Level 1.4 Stealth
 + Level 1.2 Shields
 + Level 3.1 Spellcasting
 + Level 0.4 Evocations


You had 12 spell levels left.
You didn't know any spells.

Dungeon Overview and Level Annotations

Branches:
Dungeon (6/15)
 Temple: D:4-7

Altars:
Cheibriados
Ru


Innate Abilities, Weirdness & Mutations

Your body is rotting away.
You thrive on raw meat.
You are immune to poison.
You have sharp fingernails.
You are carnivorous and can eat meat at any time.
Your flesh is cold resistant. (rC+)
You are immune to negative energy. (rN+++)
You do not regenerate when monsters are visible.
You are immune to unholy pain and torment.
You can survive without breathing.


Message History

The black bear closely misses you. The black bear completely misses you.
The black bear closely misses you.
You hit the black bear.
You kill the black bear!
Cheibriados thoroughly appreciates the change of pace.
You have reached level 7!
You completely miss the ogre.
The ogre hits you with a giant spiked club!
* * * LOW HITPOINT WARNING * * *
Firing (i - inventory): No suitable missiles.
Press: ? - help, Shift-Dir - straight line, f - ogre
Aim: an ogre, wielding a giant spiked club
Okay, then.
Aiming: Throw Flame
Press: ? - help, Shift-Dir - straight line, f/p - ogre
Aim: an ogre, wielding a giant spiked club The puff of flame hits the ogre.
The ogre is moderately wounded.
The ogre hits you with a giant spiked club!
You die...

###...###..#
################.......##
...........[...........#
####.###########.#####.#
#.# #.# #.# #.# #.# ..#
#.# #.# ###
#.###########.#
#.##.........@#
#.##.########O#
#........# #..#
#.##.###.# #..# #.##.#
.... #.##.# #$### ......
.. #.##.# ##) #.##.# ..


You could see an ogre.

Vanquished Creatures
  A hungry ghost (D:5)
  A black bear (D:6)
  A sky beast (D:6)
  A bullfrog (D:6)
  A hound (D:4)
  A centaur skeleton (D:5)
  An adder (D:4)
  A gnoll (D:1)
  2 oozes
  A worm (D:3)
  4 bats (D:1)
  3 giant cockroaches (D:1)
  3 goblins
  A hobgoblin (D:1)
  A jackal (D:1)
  A kobold (D:1)
  A quokka (D:2)
  A giant cockroach zombie (D:5)
  A rat (D:3)
27 creatures vanquished.

Notes
Turn   | Place    | Note
-------+----------+-------------------------------------------
     0 | D:1      | Iko the Ghoul Wanderer began the quest for the Orb.
     0 | D:1      | Iko set off with: a +2 mace, a +0 ring mail, a scroll of teleportation, a ration
     0 | D:1      | Reached XP level 1. HP: 19/19 MP: 3/3
   100 | D:1      | Reached XP level 2. HP: 16/26 MP: 4/4
   231 | D:1      | Reached XP level 3. HP: 4/30 MP: 1/6
   485 | D:4      | Reached skill level 1 in Dodging
   485 | D:4      | Reached XP level 4. HP: 6/40 MP: 1/7
   587 | D:5      | Entered Level 5 of the Dungeon
   591 | D:5      | Noticed a hungry ghost
   607 | D:5      | Killed a hungry ghost
   607 | D:5      | Reached skill level 4 in Fighting
   607 | D:5      | Reached XP level 5. HP: 19/46 MP: 4/8
   616 | D:5      | Found a snail-covered altar of Cheibriados.
   627 | D:5      | Reached skill level 1 in Throwing
   627 | D:5      | Reached XP level 6. HP: 21/52 MP: 7/9
   634 | D:5      | Became a worshipper of Cheibriados the Contemplative
   678 | D:6      | Noticed a sky beast
   712 | D:6      | Killed a sky beast
   723 | D:6      | Found a sacrificial altar of Ru.
   867 | D:6      | Noticed a black bear
   877 | D:6      | Killed a black bear
   877 | D:6      | Reached XP level 7. HP: 15/60 MP: 5/10
   879 | D:6      | Slain by an ogre

Skill      XL: |  1  2  3  4  5  6 |
---------------+-------------------+-----
Spellcasting   | 3 |  3.1
Dodging        | 1 2 |  2.2
Fighting       | 4 |  4.8
Maces & Flails | 2 3 |  3.2
Armour         | 2 |  2.9
Throwing       | 1 |  1.3
Stealth        | |  1.4
Shields        | |  1.2
Evocations     | |  0.4

Action                   |  1- 3 |  4- 6 |  7- 9 || total
-------------------------+-------+-------+-------++-------
Melee: Mace              |    74 |    56 |     1 ||   131
Throw: Throwing net      |     1 |     1 |       ||     2
Evoke: Wand              |       |     5 |     1 ||     6
  Use: Scroll            |     4 |     1 |       ||     5
       Potion            |     4 |     1 |       ||     5
 Stab: Invisible         |     1 |       |       ||     1
  Eat: Chunk             |     3 |     2 |       ||     5
Armor: Ring mail         |    62 |    33 |       ||    95
Dodge: Dodged            |    77 |    37 |       ||   114
Block: Buckler           |       |    14 |       ||    14
